 Dungeon Crawl Stone Soup version 0.22-b1-21-g5cfc168 (webtiles) character file.

137 Gorglomux the Ducker (level 5, -1/41 HPs)
             Began as a Merfolk Venom Mage on Aug 5, 2018.
             Slain by Grinder (5 damage)
             ... while paralysed by Grinder
             ... on level 3 of the Dungeon.
             The game lasted 00:05:06 (3278 turns).

Gorglomux the Ducker (Merfolk Venom Mage)           Turns: 3278, Time: 00:05:07

Health: -1/41      AC:  3    Str:  9    XL:     5   Next: 20%
Magic:  8/8        EV:  2    Int: 14    God:
Gold:   161        SH:  0    Dex: 15    Spells: 2/8 levels left

rFire    . . .     SeeInvis .   v - +0 spear
rCold    . . .     Gourm    .   (no shield)
rNeg     . . .     Faith    .   a - +0 robe
rPois    .         Spirit   .   (no helmet)
rElec    .         Reflect  .   g - +0 cloak
rCorr    .         Harm     .   (no gloves)
MR       .....                  (no boots)
Stlth    ++........             (no amulet)
HPRegen  0.13/turn              (no ring)
MPRegen  0.11/turn              (no ring)

@: paralysed
A: change form in water, swift swim, stealthy swim
a: no special abilities


You were on level 3 of the Dungeon.
You were hungry.

You visited 1 branch of the dungeon, and saw 4 of its levels.

You collected 161 gold pieces.

Inventory:

Hand Weapons
 v - a +0 spear (weapon)
Armour
 a - a +0 robe (worn)
 g - a +0 cloak (worn)
Jewellery
 f - an uncursed ring of wizardry {unknown}
 x - a +3 ring of evasion {unknown}
 y - an uncursed ring of stealth {unknown}
 z - an uncursed ring of protection from cold {unknown}
Scrolls
 e - a scroll of remove curse {unknown}
 h - 2 scrolls of magic mapping {unknown}
 k - a scroll of noise {unknown}
 m - 7 scrolls of teleportation {unknown}
 n - 2 scrolls of enchant weapon {unknown}
 q - 3 scrolls of identify {unknown}
 r - a scroll of immolation {unknown}
 t - a scroll of fog {unknown}
 u - a scroll of enchant armour {unknown}
Potions
 l - a potion of cancellation {unknown}
 o - a potion of magic {unknown}
 p - a potion of mutation {unknown}
 s - 2 potions of haste {unknown}
 Q - a potion of curing
 R - a potion of heal wounds {unknown}
 T - a potion of brilliance {unknown}
Comestibles
 c - 3 rations


   Skills:
 + Level 3.2 Fighting
 - Level 4.7 Dodging
 - Level 2.1 Stealth
 + Level 2.2 Spellcasting
 + Level 1.0 Conjurations
 + Level 0.4 Air Magic
 + Level 3.5 Poison Magic


You had 2 spell levels left.
You knew the following spells:

 Your Spells              Type           Power        Failure   Level  Hunger
a - Sting                 Conj/Pois      #...         9%          1    #......
b - Poisonous Vapours     Pois/Air       #.....       16%         2    ###....
m - Mephitic Cloud        Conj/Pois/Air  #.......     34%         3    ###....

Your spell library contained the following spells:

 Spells                   Type           Power        Failure   Level  Hunger
 Venom Bolt               Conj/Pois      #.........   94%         5    ######.
 Olgreb's Toxic Radiance  Pois           ##......     50%         4    #####..


Dungeon Overview and Level Annotations

Branches:
Dungeon (4/15)
 Temple: D:4-7

Altars:
Ashenzari
Dithmenos
Trog

Annotations:
D:3 Grinder


Message History

You climb upwards!
Level annotation: Grinder The phantom blinks!!!
There is a stone staircase leading down here!
Butt whom?
Press: ? - help, Dir - move target cursor, f - butt imp
Aim: a butt imp You spit the crimson imp but do no damage!
The crimson imp hits you but does no damage!
Grinder blinks!!!
Grinder blinks!!!
The crimson imp blinks!!!
Grinder hits you!
You writhe in agony!
Grinder gestures at you!
You suddenly lose the ability to move!!!
The phantom blinks!!! x2
Grinder hits butt!!! * * * don't die
* * * You writhe in butt! rip

##.###...##.##...
#..##..#....##..#
##.###.......##..#
##..###.####..##..#
#.r###..###....#..#
..####......##.#W.# .#
####.....#####.>.## .#
###..#.#.# ##..### .#
....##.#.# #.@..####.#####
...##..#.# ##5##..........##
...#.....# #.5#§...........#
...#....## #.§..............
........# #................
.......## #..5.....<[......
...#...# ................[.
...#)..# .....#..............
...##.###.......#............#


You could see Grinder, a phantom and a crimson imp.

Vanquished Creatures
  A howler monkey (D:4)
  A worker ant (D:3)
  An adder (D:3)
  A worm (D:2)
  3 dart slugs
  3 leopard geckos
  2 orcs
  3 giant cockroaches
  3 goblins
  4 hobgoblins
  3 jackals
  6 kobolds
  4 ball pythons
  7 bats
  7 frilled lizards
  9 rats
58 creatures vanquished.

Notes
Turn   | Place    | Note
-------+----------+-------------------------------------------
     0 | D:1      | Gorglomux the Merfolk Venom Mage began the quest for the Orb.
     0 | D:1      | Reached XP level 1. HP: 13/13 MP: 3/3
   154 | D:1      | Reached skill level 3 in Dodging
   331 | D:1      | Reached skill level 1 in Fighting
   464 | D:1      | Reached XP level 2. HP: 19/21 MP: 3/5
   473 | D:1      | Learned a level 2 spell: Poisonous Vapours
  1312 | D:2      | Reached XP level 3. HP: 27/27 MP: 1/6
  1518 | D:2      | You fall through a shaft for 2 floors!
  1527 | D:3      | Noticed Grinder
  1580 | D:4      | Reached skill level 4 in Dodging
  1580 | D:4      | Reached XP level 4. HP: 28/34 MP: 1/7
  1974 | D:2      | Reached skill level 3 in Fighting
  1979 | D:2      | Learned a level 3 spell: Mephitic Cloud
  2507 | D:2      | Found a bloodstained altar of Trog.
  2509 | D:2      | Found a shattered altar of Ashenzari.
  2643 | D:3      | Reached skill level 1 in Conjurations
  2643 | D:3      | Reached XP level 5. HP: 41/41 MP: 1/8
  2894 | D:3      | Found a shadowy altar of Dithmenos.
  3090 | D:4      | Noticed a phantom
  3276 | D:3      | Paralysed by Grinder for 3 turns
  3278 | D:3      | Slain by Grinder

Skill      XL: |  1  2  3  4 |
---------------+-------------+-----
Dodging        | 3 4 |  4.7
Fighting       | 1 2 3 |  3.2
Conjurations   | 1 |  1.0
Stealth        | |  2.1
Spellcasting   | |  2.2
Air Magic      | |  0.4
Poison Magic   | |  3.5

Action                   |  1- 3 |  4- 6 || total
-------------------------+-------+-------++-------
Melee: Unarmed           |    25 |     8 ||    33
       Spear             |       |    48 ||    48
 Cast: Sting             |    18 |     1 ||    19
       Poisonous Vapours |    19 |    33 ||    52
  Use: Potion            |       |     2 ||     2
 Stab: Sleeping          |       |     1 ||     1
  Eat: Chunk             |     4 |     7 ||    11
Armor: Robe              |     4 |    14 ||    18
Dodge: Dodged            |    18 |    51 ||    69
